 Dungeon Crawl Stone Soup version 0.14.0-12-g87ee3b7 (webtiles) character file.

102 Golfball the Grave Robber (level 3, -4/24 HPs)
             Began as a Demonspawn Necromancer on Apr 15, 2014.
             Was an Initiate of Ashenzari.
             Killed from afar by Sigmund (5 damage)
             ... with a magic dart
             ... on Level 2 of the Dungeon on Apr 16, 2014.
             The game lasted 00:25:20 (918 turns).

Golfball the Grave Robber (Demonspawn Necromancer)   Turns: 918, Time: 00:25:20

HP  -4/24        AC  3     Str  8      XL: 3   Next:  7%
MP   1/6         EV 10     Int 17      God: Ashenzari [......]
Gold 71          SH  0     Dex 13      Spells:  3 memorised,  2 levels left

rFire  . . .     SeeInvis .     p - +1,+2 short sword (speed)
rCold  . . .     Clarity  .     d - +0 leather armour (curse)
rNeg   . . .     Conserve .     (no shield)
rPois  .         rCorr    .     (no helmet)
rElec  .         rRot     .     (no cloak)
SustAb . .       Spirit   .     (no gloves)
rMut   .         Warding  .     (no boots)
Saprov . . .     Stasis   .     x - amulet of rage
MR     .....                    (no ring)
                                (no ring)

@: not resistant to hostile enchantments, unstealthy
A: conserve scrolls
a: Renounce Religion, Evoke Berserk Rage


You were on level 2 of the Dungeon.
You worshipped Ashenzari.
Ashenzari was noncommittal.
You were not hungry.

You visited 1 branch of the dungeon, and saw 2 of its levels.

You collected 71 gold pieces.

Inventory:

Hand weapons
 h - a +0,+0 club
 i - a +0,+0 club
 j - a +0,+2 dagger
 l - a +0,+0 dagger
 n - a +0,+0 club
 o - a +0,+0 whip
 p - a +1,+2 short sword of speed (weapon)
 q - a +0,+0 dagger
 u - a +0,+0 club
Missiles
 e - 40 darts (quivered)
 g - 19 poisoned needles
 t - 21 stones
 y - 12 arrows of dispersal
Armour
 a - a +0 robe
 d - a cursed +0 leather armour (worn)
 k - a +3 leather armour
 m - a +0 robe
 C - a +3 ring mail
Comestibles
 c - 2 bread rations
 z - a chunk of hobgoblin flesh
 E - a chunk of rat flesh
 F - a chunk of giant newt flesh
Jewellery
 x - an amulet of rage (around neck)
Potions
 f - a potion of haste
 r - a potion of brilliance {unknown}
 A - 2 potions of agility {unknown}
 B - a potion of curing {unknown}
 D - a potion of restore abilities {unknown}
Books
 b - a book of Necromancy

   Spells                             Type                      Level
   *Pain                              Necromancy                   1
   *Animate Skeleton                  Necromancy                   1
   *Lethal Infusion                   Charms/Necromancy            2
   Vampiric Draining                  Necromancy                   3
   Regeneration                       Charms/Necromancy            3
   Animate Dead                       Necromancy                   4
   Control Undead                     Necromancy                   4


   Skills:
 + Level 0.1 Short Blades
 + Level 1.9 Dodging
 + Level 1.9 Stealth
 + Level 2.2 Spellcasting
 + Level 5.1 Necromancy


You had 2 spell levels left.
You knew the following spells:

 Your Spells              Type           Power        Failure   Level  Hunger
a - Pain                  Necr           ###.         2%          1    #......
b - Animate Skeleton      Necr           N/A          2%          1    #......
c - Lethal Infusion       Chrm/Necr      ##........   12%         2    ##.....


Dungeon Overview and Level Annotations

Branches:
Dungeon (2/15)

Altars:
Ashenzari

Annotations:
D:2 Sigmund


Innate Abilities, Weirdness & Mutations

You are very good at protecting items from fire.


Message History

Aiming: Pain
Press: ? - help, Shift-Dir - straight line, f/p - Sigmund
Aim: Sigmund, wielding a scythe and wearing a glowing robe (lightly wounded) Sigmund resists with significant effort.
Your rat skeleton bites Sigmund.
Casting: Pain
Confirm with . or Enter, or press ? or * to list all spells.
Aiming: Pain
Press: ? - help, Shift-Dir - straight line, f/p - Sigmund
Aim: Sigmund, wielding a scythe and wearing a glowing robe (moderately wounded) Sigmund convulses in agony!
You are feeling hungry.
Sigmund mumbles some strange words.
Sigmund flickers and vanishes!
Deactivating autopickup; reactivate with Ctrl-A.
Eat a chunk of giant gecko flesh? (ye/n/q/i?) This raw flesh tastes terrible.
You hear some strange, mumbled words.
The magic dart hits you!
You die...

# #.
####.########..
........!........
###.#.@##
#.....zz# .
...#####.####....
. #%..#.........
#...........##
####...####....#
#⌠..#'.#.⌠#.....
#..............!
#####.......#.###.


You could see a friendly rat skeleton and a friendly hobgoblin skeleton.

Vanquished Creatures
  An adder (D:2)
  A giant gecko (D:1)
  2 bats (D:1)
  5 hobgoblins
  2 kobolds (D:1)
  2 giant newts (D:2)
  4 goblins (D:1)
  2 rats
19 creatures vanquished.

Vanquished Creatures (collateral kills)
  A giant gecko (D:1)
1 creature vanquished.

Grand Total: 20 creatures vanquished

Notes
Turn   | Place    | Note
--------------------------------------------------------------
     0 | D:1      | Golfball, the Demonspawn Necromancer, began the quest for the Orb.
     0 | D:1      | Reached XP level 1. HP: 13/13 MP: 3/3
   141 | D:1      | Learned a level 1 spell: Animate Skeleton
   201 | D:1      | Gained mutation: You are very good at protecting items from fire. [demonic ancestry]
   201 | D:1      | Reached XP level 2. HP: 13/19 MP: 1/4
   683 | D:1      | Learned a level 2 spell: Lethal Infusion
   695 | D:1      | Reached skill level 5 in Necromancy
   813 | D:2      | Reached XP level 3. HP: 17/24 MP: 1/6
   852 | D:2      | Found a shattered altar of Ashenzari.
   875 | D:2      | Became a worshipper of Ashenzari the Shackled
   910 | D:2      | Noticed Sigmund
   918 | D:2      | Killed from afar by Sigmund

Action                   || total
-------------------------++-------
Melee: Unarmed           ||     7
       Short sword       ||     7
 Cast: Pain              ||    31
       Animate Skeleton  ||     5
  Use: Scroll            ||     3
